 Dungeon Crawl Stone Soup version 0.20-a0-957-g47ad1fd (webtiles) character file.

1111 Leibowitz the Poker (level 8, 0/60 HPs)
             Began as a Demonspawn Gladiator on Apr 5, 2017.
             Was a Believer of Okawaru.
             Splashed by Ijyb's acid (14 damage)
             ... on level 5 of the Dungeon.
             The game lasted 00:13:04 (4858 turns).

Leibowitz the Poker (Demonspawn Gladiator)          Turns: 4858, Time: 00:13:05

Health: 0/60       AC:  1    Str: 20    XL:     8   Next: 11%
Magic:  8/8        EV: 21    Int: 10    God:    Okawaru [**....]
Gold:   264        SH:  3    Dex: 24    Spells: 7/7 levels left

rFire    . . .     SeeInvis +   a - +1 trident
rCold    . . .     Gourm    .   (no shield)
rNeg     . . .     Faith    .   s - -1 ring mail (curse)
rPois    .         Spirit   .   (helmet restricted)
rElec    .         Reflect  +   q - +0 cloak
rCorr    .         Harm     .   (no gloves)
MR       .....                  (no boots)
Stlth    ++........             n - +3 amulet of reflection
Regen    0.2/turn               x - ring of see invisible
MPRegen  0.2/turn               B - +3 ring of dexterity

@: mighty, agile, corroded
A: horns 2, repulsion field 1, powered by pain 2
a: Heroism, Renounce Religion


You were on level 5 of the Dungeon.
You worshipped Okawaru.
Okawaru was pleased with you.
You were hungry.

You visited 1 branch of the dungeon, and saw 5 of its levels.

You collected 264 gold pieces.

Inventory:

Hand Weapons
 a - a +1 trident (weapon)
 v - a +0 blowgun
 y - a +0 spear of freezing
Missiles
 d - 3 throwing nets (quivered)
 w - 21 poisoned needles
Armour
 b - a +0 leather armour
 q - a +0 cloak (worn)
 s - a cursed -1 ring mail (worn)
 u - the +8 plate armour of Uskayaw's Envy {rC+, unknown}
   (You found it on level 4 of the Dungeon)

   It protects you from cold.
Jewellery
 n - a +3 amulet of reflection (around neck)
 x - a ring of see invisible (left hand)
 B - a +3 ring of dexterity (right hand)
Scrolls
 c - a scroll of recharging
 g - 2 scrolls of identify
 k - 2 scrolls of enchant weapon
 p - a scroll of enchant armour
Potions
 e - a potion of cancellation {unknown}
 h - 2 potions of ambrosia
 m - 2 potions of lignification {unknown}
 o - 2 potions of might {unknown}
 r - 2 potions of heal wounds {unknown}
 t - a potion of magic {unknown}
 z - a potion of haste {unknown}
 A - 3 potions of curing {unknown}
 C - a potion of agility {unknown}
Comestibles
 f - 8 bread rations
 i - 2 meat rations
 j - 2 fruits
 l - a royal jelly


   Skills:
 * Level 3.9 Fighting
 * Level 7.0 Polearms
 - Level 1.7 Throwing
 * Level 3.4 Armour
 * Level 4.2 Dodging


You had 7 spell levels left.
You didn't know any spells.

Dungeon Overview and Level Annotations

Branches:
Dungeon (5/15)
 Temple: D:4-7

Altars:
Dithmenos
Fedhas
Makhleb
Okawaru
Qazlal
Ru
Uskayaw
Vehumet
Wu Jian

Annotations:
D:5 Eustachio, Ijyb


Innate Abilities, Weirdness & Mutations

You have a pair of horns on your head.
You are surrounded by a mild repulsion field. (EV +2)
You sometimes gain power by taking damage.


Message History

Found a radiant altar of Vehumet.
A quokka and Ijyb come into view.
Found an inky potion.
A bullfrog zombie comes into view.
You puncture the quokka!
You kill the quokka!
Okawaru accepts your kill.
Ijyb zaps a wand.
The bolt of acid misses you.
It is a wand of acid (?/15).
Ijyb zaps a wand.
The bolt of acid hits you!
You are splashed with acid!
The acid burns!
You focus on the pain.
You feel agile all of a sudden.
You barely miss Ijyb. The bullfrog zombie hits you.
You hit Ijyb. Your headbutt misses Ijyb.
Ijyb is lightly wounded.
Ijyb zaps a wand.
The bolt of acid hits you!
* * * LOW HITPOINT WARNING * * *
You focus on the pain.
You feel very mighty all of a sudden. The acid corrodes you!
You are splashed with acid!
The acid burns!
You die...

#.#.###....# ....
##.####....# ##...#
#.##.##....# #...#.#
#.#.#.#....# .......
#..##.#....###
.......#####.##......###
........###.##.........#
.......g..#.#..........#
......Z@........<......#
..........####.........#
...........# #........##
...........# ##.....###
...........# ###..##
...........# #..#
...........# #..#
........!.## ...#
.........#


You could see Ijyb and a bullfrog zombie.

Vanquished Creatures
  Sigmund (D:3)
  Menkaure (D:5)
  3 ogres (D:4)
  A crimson imp (D:5)
  A hound (D:5)
  An orc priest (D:3)
  Crazy Yiuf (D:4)
  A centaur zombie (D:4)
  2 iguanas
  3 worker ants
  2 orc wizards
  Natasha (thrice) (D:3)
  7 gnolls
  2 adders
  An adder skeleton (D:4)
  A worm (D:2)
  2 dart slugs
  3 leopard geckos
  13 orcs
  13 bats
  A giant cockroach (D:2)
  7 goblins
  8 hobgoblins
  2 quokkas
  2 ball pythons
  4 frilled lizards
  5 kobolds
  7 rats
98 creatures vanquished.

Notes
Turn   | Place    | Note
-------+----------+-------------------------------------------
     0 | D:1      | Leibowitz the Demonspawn Gladiator began the quest for the Orb.
     0 | D:1      | Reached XP level 1. HP: 16/16 MP: 1/1
   163 | D:1      | Gained mutation: You sometimes gain a little power by taking damage. [demonic ancestry]
   163 | D:1      | Reached XP level 2. HP: 22/22 MP: 2/2
   241 | D:1      | Reached skill level 3 in Polearms
   823 | D:2      | Reached XP level 3. HP: 27/27 MP: 3/3
  1040 | D:2      | Reached skill level 1 in Armour
  1223 | D:2      | Found an iron altar of Okawaru.
  1223 | D:2      | Found a stormy altar of Qazlal.
  1227 | D:2      | Became a worshipper of Warmaster Okawaru
  1254 | D:2      | Found a blossoming altar of Fedhas.
  1421 | D:2      | Gained mutation: You sometimes gain power by taking damage. [demonic ancestry]
  1421 | D:2      | Reached XP level 4. HP: 33/33 MP: 4/4
  1490 | D:2      | Found a sacrificial altar of Ru.
  1795 | D:2      | Found a burning altar of Makhleb.
  1795 | D:2      | Found a hide-covered altar of Uskayaw.
  1800 | D:2      | Found a faded altar of an unknown god.
  1802 | D:2      | Found an ornate altar of the Wu Jian Council.
  1803 | D:2      | Found a shadowy altar of Dithmenos.
  1957 | D:3      | Noticed Sigmund
  1966 | D:3      | Killed Sigmund
  1966 | D:3      | Reached * piety under Okawaru
  1966 | D:3      | Reached skill level 4 in Polearms
  1966 | D:3      | Reached XP level 5. HP: 24/39 MP: 5/5
  2199 | D:3      | Noticed Natasha
  2210 | D:3      | Killed Natasha
  2365 | D:3      | Gained mutation: You are surrounded by a mild repulsion field. (EV +2) [demonic ancestry]
  2365 | D:3      | Reached XP level 6. HP: 46/46 MP: 6/6
  2554 | D:3      | Noticed Natasha
  2568 | D:3      | Killed Natasha
  2568 | D:3      | Reached skill level 5 in Polearms
  2670 | D:3      | Noticed Natasha
  2676 | D:3      | Killed Natasha
  3015 | D:4      | Got a smelly plate armour
  3387 | D:4      | Gained mutation: You have a pair of small horns on your head. [demonic ancestry]
  3387 | D:4      | Reached XP level 7. HP: 44/52 MP: 7/7
  3456 | D:4      | Reached ** piety under Okawaru
  3456 | D:4      | Reached skill level 6 in Polearms
  4334 | D:4      | Found a runed door.
  4338 | D:4      | Noticed Crazy Yiuf
  4343 | D:4      | Killed Crazy Yiuf
  4425 | D:5      | Entered Level 5 of the Dungeon
  4425 | D:5      | Noticed Eustachio
  4622 | D:5      | Noticed Menkaure
  4628 | D:5      | Killed Menkaure
  4628 | D:5      | Gained mutation: You have a pair of horns on your head. [demonic ancestry]
  4628 | D:5      | Reached XP level 8. HP: 42/60 MP: 8/8
  4822 | D:5      | Reached skill level 7 in Polearms
  4833 | D:5      | Found a radiant altar of Vehumet.
  4851 | D:5      | Noticed Ijyb
  4858 | D:5      | Splashed by Ijyb's acid

Vault maps used:
D:1:      matt_arrival_spirals
D:2:      old_standard_altar, nicolae_overflow_crystal_walls,
          chequers_temple_overflow_minitemple, gammafunk_temple_overflow_wave,
          minmay_surrounded
D:3:      uniq_sigmund, uniq_natasha
D:4:      first_bread, uniq_crazy_yiuf_cottage
D:5:      marbit_many_paths, uniq_menkaure, uniq_prince_ribbit1, uniq_eustachio,
          uniq_iyjb

Skill      XL: |  1  2  3  4  5  6  7  8 |
---------------+-------------------------+-----
Dodging        | 3 4 |  4.2
Polearms       | 3 4 5 6 7 |  7.0
Armour         | 1 2 3 |  3.4
Fighting       | 3 |  3.9
Throwing       | |  1.7

Action                   |  1- 3 |  4- 6 |  7- 9 || total
-------------------------+-------+-------+-------++-------
Melee: Trident           |    99 |   174 |   113 ||   386
       Headbutt          |       |       |    28 ||    28
Throw: Throwing net      |       |       |     3 ||     3
  Use: Scroll            |       |     8 |     2 ||    10
 Stab: Sleeping          |     2 |     1 |       ||     3
       Held in net/web   |       |       |     3 ||     3
  Eat: Chunk             |     2 |     6 |     2 ||    10
       Royal jelly       |       |       |     1 ||     1
Armor: Leather armour    |    26 |    13 |       ||    39
       Ring mail         |       |    31 |    16 ||    47
Dodge: Dodged            |    73 |   109 |   133 ||   315
Block: Other             |     6 |    20 |    14 ||    40
       Reflection        |       |     1 |       ||     1
